 Dungeon Crawl Stone Soup version 0.27-a0-1513-g2aaa0cc67b (webtiles) character file.

Game seed: 9659009117956414405

2 Spaninq the Sneak (level 1, 0/19 HPs)
             Began as a Ghoul Delver on July 9, 2021.
             Slain by an iguana (13 damage)
             ... on level 5 of the Dungeon.
             The game lasted 00:00:27 (138 turns).

Spaninq the Sneak (Ghoul Delver)                     Turns: 138, Time: 00:00:28

Health: 0/19       AC:  3    Str: 15    XL:     1   Next: 40%
Magic:  0/0        EV: 11    Int:  5    God:
Gold:   0          SH:  0    Dex: 10    Spells: 0/0 levels left

rFire    . . .     SeeInvis .     - Unarmed
rCold    + . .     Faith    .   (no shield)
rNeg     + + +     Spirit   .   a - +0 leather armour
rPois    ∞         Reflect  .   (no helmet)
rElec    .         Harm     .   (no cloak)
rCorr    .         Rampage  .   (no gloves)
Will     .....                  (no boots)
Stlth    +.........             (no amulet)
HPRegen  0.00/turn              (no ring)
MPRegen  0.07/turn              (no ring)

@: confused
A: claws 1, cold resistance 1, negative energy resistance 3, inhibited
regeneration, torment resistance 2
a: no special abilities


You were on level 5 of the Dungeon.
You visited 1 branch of the dungeon, and saw 1 of its levels.

Inventory:

Armour
 a - a +0 leather armour (worn)
Wands
 f - a wand of digging (3)
Scrolls
 b - a scroll of fog
 c - a scroll of magic mapping
 d - a scroll of fear
Potions
 e - a potion of haste


   Skills:
 + Level 3.3 Fighting
 + Level 1.8 Dodging
 + Level 5.5 Stealth
 * Level 2.3 Unarmed Combat


You couldn't memorise any spells.
You didn't know any spells.
Your spell library was empty.

Dungeon Overview and Level Annotations

Branches:
Dungeon (5/15)
 Temple: D:4-7

Altars:


Innate Abilities, Weirdness & Mutations

You thrive by killing the living.
You are immune to poison.
You have sharp fingernails.
Your flesh is cold resistant. (rC+)
You are immune to negative energy. (rN+++)
You do not regenerate when monsters are visible.
You are immune to unholy pain and torment.


Message History

Welcome, Spaninq the Ghoul Delver.
It is said that the Orb of Zot exists deep within this dungeon.
Press ? for a list of commands and other information.
Found a stone staircase leading down.
You open the door.
There is an open door here.
Found 12 bolts.
A dart slug comes into view.
The dart slug barely misses you.
You claw the dart slug!
The dart slug is severely wounded.
The dart slug bites you.
You scratch the dart slug but do no damage.
The dart slug is severely wounded.
You scratch the dart slug.
You kill the dart slug!
HP restored.
Found a stone staircase leading down.
Found a leather armour.
You open the door.
An iguana and 2 orcs come into view.
An orc and an orc wizard come into view.
The orc wizard casts a spell at you.
You are confused.
The orc shouts!
There is an open door here.
You bump into the rock wall.
The iguana hisses angrily.
The orc wizard casts a spell at you. The magic dart hits you.
You're too confused to move!
You scratch the orc wizard but do no damage.
You bump into the rock wall.
The orc wizard hits you with a +0 dagger.
The iguana bites you!
Ouch! That really hurt!
You die...

..... .....##########
..............#
.............#
#...........#
#.....o.....#
#...looo.....
########## #@# ##
#........####.####...
#...........[.....# ##
#.................# .#
#.................# .#
#.................# .#
#.................#
.###.................#
.....................#


You could see an iguana, an orc wizard and 3 orcs.

Vanquished Creatures
  A dart slug (D:5)
1 creature vanquished.

Notes
Turn   | Place    | Note
-------+----------+-------------------------------------------
     0 | D:5      | Spaninq the Ghoul Delver began the quest for the Orb.
     0 | D:5      | Reached XP level 1. HP: 19/19 MP: 0/0
   133 | D:5      | Noticed an iguana
   134 | D:5      | Noticed an orc wizard
   138 | D:5      | Slain by an iguana

Illustrated notes

Levels and vault maps discovered:
D:5:      layout_basic, minivault_14, minivault_14

Action                   || total
-------------------------++-------
Melee: Unarmed           ||     4
Dodge: Dodged            ||     1

Table legend: (Time is in decaauts)
 A = Elapsed time spent in this place.
 B = Non-inter-level travel time spent in this place.
 C = Inter-level travel time spent in this place.
 D = Time resting spent in this place.
 E = Time spent auto-exploring this place.
 F = Levels seen in this place.
 G = Mean time per level.
                   A        B        C        D        E       F      G
               +--------+--------+--------+--------+--------+-----+--------+
         Total |    137 |    137 |      0 |      0 |    118 |   1 |  137.0 |
       Dungeon |    137 |    137 |      0 |      0 |    118 |   1 |  137.0 |
               +--------+--------+--------+--------+--------+-----+--------+

Top non-repeatable levels by time:
     D:5: 137 daAuts
